 Dungeon Crawl Stone Soup version 0.25.0-37-gb73750e0fb (webtiles) character file.

Game seed: 16786402255040120265

21 ANON1729 the Caller (level 2, -1/19 HPs)
             Began as a Mummy Summoner on July 8, 2020.
             Slain by a jackal (3 damage)
             ... on level 1 of the Dungeon.
             The game lasted 00:03:38 (1705 turns).

ANON1729 the Caller (Mummy Summoner)                Turns: 1705, Time: 00:03:39

Health: -1/19      AC:  2    Str: 11    XL:     2   Next: 65%
Magic:  4/6        EV: 12    Int: 10    God:
Gold:   50         SH:  0    Dex: 12    Spells: 6/7 levels left

rFire    . . .     SeeInvis .   e - +0 club
rCold    . . .     Gourm    .   (no shield)
rNeg     + + +     Faith    .   a - +0 robe
rPois    ∞         Spirit   .   (no helmet)
rElec    .         Reflect  .   (no cloak)
rCorr    .         Harm     .   (no gloves)
MR       .....                  (no boots)
Stlth    ++........             (no amulet)
HPRegen  0.06/turn              c - -4 ring of intelligence (curse)
MPRegen  0.10/turn              d - ring of fire

@: no status effects
A: no food or potions, fire vulnerability, cold resistance 1, negative energy
resistance 3, torment resistance, unbreathing
a: no special abilities


You were on level 1 of the Dungeon.
You were not hungry.

You visited 1 branch of the dungeon, and saw 1 of its levels.

You collected 50 gold pieces.

Inventory:

Hand Weapons
 e - a +0 club (weapon)
 f - a +0 dagger
Armour
 a - a +0 robe (worn)
Jewellery
 c - a cursed -4 ring of intelligence (left hand)
 d - a ring of fire (right hand)
Scrolls
 b - 2 scrolls of remove curse {unknown}


   Skills:
 + Level 1.9 Dodging
 + Level 1.9 Stealth
 + Level 3.0 Spellcasting
 + Level 3.4 Summonings


You had 6 spell levels left.
You knew the following spells:

 Your Spells              Type           Power        Failure   Level  Hunger
a - Summon Small Mammal   Summ           #...         7%          1    N/A

Your spell library contained the following spells:

 Spells                   Type           Power        Failure   Level  Hunger
 Call Imp                 Summ           #.......     10%         2    N/A
 Call Canine Familiar     Summ           #.......     21%         3    N/A
 Summon Guardian Golem    Hex/Summ       #.......     38%         3    N/A
 Summon Ice Beast         Ice/Summ       #.......     80%         4    N/A
 Summon Lightning Spire   Summ/Air       #.......     80%         4    N/A

Dungeon Overview and Level Annotations

Branches:
Dungeon (1/15)

Altars:


Innate Abilities, Weirdness & Mutations

You do not eat or drink.
Your flesh is vulnerable to fire.
You are immune to poison.
Your flesh is cold resistant. (rC+)
You are immune to negative energy. (rN+++)
You are immune to unholy pain and torment.
You can survive without breathing.


Message History

The jackal closely misses you.
The frilled lizard hisses.
You hit the jackal.
The jackal is severely wounded.
The jackal misses you. x2
You hit the jackal but do no damage.
The jackal is severely wounded.
The jackal bites you but does no damage.
The jackal closely misses you.
You barely miss the jackal.
The jackal is severely wounded.
The jackal barely misses you.
You miss the jackal.
The jackal is severely wounded.
The jackal bites you.
* * * LOW HITPOINT WARNING * * *
The jackal bites you.
* * * LOW HITPOINT WARNING * * *
You swap places.
Your bat misses the jackal. The jackal bites you.
You die...

#### #.# #.#....# #.# #.#
#.#....# #.#
########.#######.#....# #)#
.....†.........#......# #..
...##.##.......####.### ###
...##.##.#####......#
...##.##.##....b.####
..###.##.##.##...#####
..###.##........@hl..#####.#
......##.%.....####.......?.
######.......## #.######.# .
##.. #.# #. #.# . ... ...
.... .....


You could see a jackal, a frilled lizard and a friendly bat (summoned).

Vanquished Creatures
  An ooze (D:1)
  A dart slug (D:1)
  3 hobgoblins (D:1)
  2 jackals (D:1)
  2 bats (D:1)
  A frilled lizard (D:1)
  A rat (D:1)
11 creatures vanquished.

Vanquished Creatures (collateral kills)
  4 goblins (D:1)
  A hobgoblin (D:1)
  A jackal (D:1)
  A rat (D:1)
7 creatures vanquished.

Grand Total: 18 creatures vanquished

Notes
Turn   | Place    | Note
-------+----------+-------------------------------------------
     0 | D:1      | ANON1729 the Mummy Summoner began the quest for the Orb.
     0 | D:1      | Reached XP level 1. HP: 13/13 MP: 4/4
   995 | D:1      | Reached XP level 2. HP: 18/19 MP: 5/5
  1705 | D:1      | Slain by a jackal

Illustrated notes

Levels and vault maps discovered:
D:1:      elethiomel_arrival_shortcut, layout_loops_cross

Skill      XL: |  1  2 |
---------------+-------+-----
Spellcasting   | 3 |  3.0
Dodging        | |  1.9
Stealth        | |  1.9
Summonings     | |  3.4

Action                   || total
-------------------------++-------
Melee: Unarmed           ||    36
       Club              ||    58
 Cast: Summon Small Mamm ||    25
 Stab: Sleeping          ||     3
Armor: Robe              ||    22
Dodge: Dodged            ||    81
